 Dungeon Crawl Stone Soup version 0.23.0 (webtiles) character file.

Game seed: 9365220710158758397

90 TitoQuaid2 the Skirmisher (level 4, 0/37 HPs)
             Began as a Human Fighter on Feb 9, 2019.
             Was an Initiate of Wu Jian.
             Killed by divine providence
             ... invoked by an orc priest
              (12 damage)
             ... on level 2 of the Dungeon.
             The game lasted 00:20:36 (2729 turns).

TitoQuaid2 the Skirmisher (Human Fighter)           Turns: 2729, Time: 00:20:36

Health: 0/37       AC: 12    Str: 17    XL:     4   Next: 85%
Magic:  4/4        EV:  3    Int:  8    God:    Wu Jian [......]
Gold:   79         SH:  9    Dex: 13    Spells: 3/3 levels left

rFire    . . .     SeeInvis .   a - +0 long sword
rCold    . . .     Gourm    .   c - +0 shield
rNeg     . . .     Faith    .   e - +0 plate armour
rPois    .         Spirit   .   (no helmet)
rElec    .         Reflect  .   m - +0 cloak
rCorr    .         Harm     .   (no gloves)
MR       .....                  (no boots)
Stlth    ..........             (no amulet)
HPRegen  0.12/turn              (no ring)
MPRegen  0.09/turn              (no ring)

@: no status effects
A: no striking features
a: Renounce Religion


You were on level 2 of the Dungeon.
You worshipped Wu Jian.
Wu Jian was noncommittal.
You were not hungry.

You visited 1 branch of the dungeon, and saw 3 of its levels.

You collected 79 gold pieces.

Inventory:

Hand Weapons
 a - a +0 long sword (weapon)
 j - a +0 dagger
 k - a +0 hunting sling
Missiles
 g - 62 arrows
Armour
 b - a +0 scale mail
 c - a +0 shield (worn)
 e - a +0 plate armour (worn)
 i - a +0 scale mail
 m - a +0 cloak (worn)
Wands
 o - a wand of paralysis (8)
Scrolls
 h - a scroll of fear
 l - a scroll of remove curse
Potions
 d - a potion of might
 n - a potion of degeneration {unknown}
Comestibles
 f - 2 rations


   Skills:
 + Level 3.9 Fighting
 + Level 2.3 Long Blades
 + Level 3.7 Armour
 + Level 0.3 Dodging
 + Level 0.4 Stealth
 + Level 3.5 Shields


You had 3 spell levels left.
You didn't know any spells.
Your spell library was empty.

Dungeon Overview and Level Annotations

Branches:
Dungeon (3/15)

Altars:
Gozag
Wu Jian


Message History

There is a stone staircase leading down here.
You block the orc's attack. You block the orc priest's attack.
The orc priest invokes the aid of Beogh against you.
You barely resist. You hit the orc.
The orc is moderately wounded.
The orc hits you but does no damage.
You hit the orc.
The orc is almost dead.
You block the orc's attack.
You hit the orc.
You kill the orc!
The Council accepts your kill.
The orc priest mumbles some strange prayers to Beogh against you.
Beogh smites you!
You slash the orc priest!
The orc priest is heavily wounded.
The orc priest calls down the wrath of Beogh upon you.
Beogh smites you!
You die...

#...# #.......#.###### #..#
###...########.............# #.<.
............##.............# ##..
........#..................# ###
............###............#
###...#######....)>..#.....######
#...## #.##....#######...)..
#....## #.##o#.## #.###.. #.....#
#.##@#.# #.###.. #...≈.##
#.##.#.########.##..( ###..≈≈≈≈#
#.......##.......#... ......≈≈≈#
#.......##.####...... ###.#≈♣♣##
##.#....##.#####.#.##
#..###≈≈.#####.####.##.##......#
...######...##.####.......##.###
....# ##..#.##.......#.#####.#
....###.#.#.########.###.....#


You could see an orc priest.

Vanquished Creatures
  4 adders (D:2)
  A worm (D:2)
  A dart slug (D:1)
  4 orcs
  2 giant cockroaches (D:2)
  3 goblins (D:1)
  6 hobgoblins
  6 jackals
  A ball python (D:1)
  7 bats
  3 frilled lizards
  A kobold (D:1)
  6 rats
  A plant (D:2)
46 creatures vanquished.

Notes
Turn   | Place    | Note
-------+----------+-------------------------------------------
     0 | D:1      | TitoQuaid2 the Human Fighter began the quest for the Orb.
     0 | D:1      | Reached XP level 1. HP: 18/18 MP: 1/1
   347 | D:1      | Reached XP level 2. HP: 24/24 MP: 2/2
   827 | D:1      | Reached XP level 3. HP: 24/29 MP: 3/3
  1033 | D:2      | Found an opulent altar of Gozag.
  1415 | D:2      | Reached XP level 4. HP: 19/37 MP: 4/4
  1968 | D:2      | Found an ornate altar of the Wu Jian Council.
  2164 | D:2      | Became a worshipper of the Wu Jian Council
  2729 | D:2      | Killed from afar by an orc priest

Action                   |  1- 3 |  4- 6 || total
-------------------------+-------+-------++-------
Melee: Long sword        |   125 |    83 ||   208
  Use: Scroll            |     3 |     2 ||     5
  Eat: Ration            |     1 |     1 ||     2
Armor: Scale mail        |    39 |       ||    39
       Plate armour      |    38 |    55 ||    93
Dodge: Dodged            |    27 |     7 ||    34
Block: Shield            |    61 |    45 ||   106
       Rpst.: Long sword |     6 |     2 ||     8
